 Dungeon Crawl Stone Soup version 0.29.1 (webtiles) character file.

Game seed: 15077302313387791144

70211 EvilAshe the Carver (level 15, -7/112 HPs)
             Began as a Human Fighter on Sept 13, 2022.
             Was the Champion of the Shining One.
             Killed from afar by a starcursed mass (12 damage)
             ... with an accursed screaming
             ... on level 3 of the Abyss.
             The game lasted 01:23:40 (26520 turns).

EvilAshe the Carver (Human Fighter)                Turns: 26520, Time: 01:23:41

Health: -7/112     AC: 36    Str: 23    XL:     15   Next: 77%
Magic:  5/22       EV: 10    Int:  8    God:    the Shining One [******]
Gold:   1859       SH:  9    Dex: 14    Spells: 14/14 levels left

rFire   + . .      SeeInvis +   w - +2 scimitar (holy)
rCold   . . .      Faith    .   z - +0 kite shield
rNeg    + + +      Spirit   .   t - +3 plate armour {Will+}
rPois   .          Reflect  .   A - +0 helmet {SInv}
rElec   .          Harm     .   v - +2 cloak {Stlth+}
rCorr   .          Rampage  .   y - +0 pair of gloves
Will    +++..                   C - +2 pair of boots
Stlth   ..........              p - amulet of Woepuzxe {rF+ Will+ Regen+}
HPRegen 0.00/turn               f - +4 ring of protection
MPRegen 0.18/turn               G - +4 ring of protection

@: about to teleport, sick, glowing, studying 2 skills
A: frail 1
a: Renounce Religion, Divine Shield, Cleansing Flame, Summon Divine Warrior,
Brand Weapon With Holy Wrath


You were on level 3 of the Abyss.
You worshipped the Shining One.
The Shining One was exalted by your worship.
You visited 4 branches of the dungeon, and saw 22 of its levels.
You visited the Abyss 1 time.

You collected 2252 gold pieces.
You spent 393 gold pieces at shops.

Inventory:

Hand Weapons
 a - a +2 scimitar of flaming
 b - a +0 sling
 w - a +2 scimitar of holy wrath (weapon)
Missiles
 c - 6 silver boomerangs
 k - 2 atropa-tipped darts
 n - 15 boomerangs (quivered)
 D - 7 javelins
 F - 5 curare-tipped darts
 M - a silver javelin
 N - a throwing net
Armour
 t - a +3 plate armour of willpower (worn)
 v - a +2 cloak of stealth (worn)
 y - a +0 pair of gloves (worn)
 z - a +0 kite shield (worn)
 A - a +0 helmet of see invisible (worn)
 C - a +2 pair of boots (worn)
Jewellery
 e - a ring of poison resistance
 f - a +4 ring of protection (left hand)
 p - the amulet of Woepuzxe (around neck) {rF+ Will+ Regen+}
   (You acquired it on level 10 of the Dungeon)

   [amulet of regeneration]

   rF:        It protects you from fire.
   Regen:     It increases your rate of health regeneration.
   Will:      It increases your willpower.
 r - a ring of magical power
 G - a +4 ring of protection (right hand)
 W - a ring of ice
 Z - a ring of flight
Wands
 x - a wand of mindburst (3)
 R - a wand of acid (9)
 S - a wand of roots (6)
 U - a wand of flame (24)
 X - a wand of digging (9)
Scrolls
 i - a scroll of identify
 l - a scroll of magic mapping
 q - 3 scrolls of enchant armour
 s - 5 scrolls of amnesia
 B - 2 scrolls of blinking
 I - 3 scrolls of teleportation
 J - 2 scrolls of fear
 K - 2 scrolls of silence
 L - 2 scrolls of enchant weapon
 T - a scroll of summoning
Potions
 d - a potion of cancellation
 g - 4 potions of attraction
 h - 9 potions of curing
 j - 5 potions of heal wounds
 m - a potion of berserk rage
 o - 3 potions of resistance
 u - 4 potions of haste
 E - 3 potions of mutation
 H - 2 potions of ambrosia
 O - a potion of flight
 P - 3 potions of lignification
 Q - 6 potions of might


   Skills:
 + Level 13.9 Fighting
 - Level 14.0 Long Blades
 - Level 10.0 Ranged Weapons
 + Level 11.9 Armour
 - Level 13.0 Dodging
 + Level 5.4 Shields
 + Level 9.4 Invocations


You had 14 spell levels left.
You didn't know any spells.
Your spell library contained the following spells:

 Spells                   Type           Power      Damage    Failure   Level
 Foxfire                  Conj/Fire      0%         2x1d4     100%        1
 Freeze                   Ice            0%         1d3       100%        1
 Magic Dart               Conj           0%         1d3       100%        1
 Slow                     Hex            0%         N/A       100%        1
 Sublimation of Blood     Necr           0%         N/A       100%        2
 Confusing Touch          Hex            0%         N/A       100%        3
 Conjure Flame            Conj/Fire      0%         6-21      100%        3
 Frozen Ramparts          Ice            0%         1d1       100%        3
 Gell's Gravitas          Tloc           0%         N/A       100%        3
 Inner Flame              Hex/Fire       0%         N/A       100%        3
 Ozocubu's Armour         Ice            0%         N/A       100%        3
 Teleport Other           Tloc           0%         N/A       100%        3
 Vampiric Draining        Necr           0%         2d6       100%        3
 Airstrike                Air            0%         2d(0-16)  100%        4
 Flame Wave               Conj/Fire      0%         2d4       100%        4
 Hailstorm                Conj/Ice       0%         3d3       100%        4
 Iskenderun's Mystic Bla  Conj/Tloc      0%         2d3       100%        4
 Petrify                  Tmut/Erth      0%         N/A       100%        4
 Summon Lightning Spire   Summ/Air       0%         N/A       100%        4
 Alistair's Intoxication  Tmut/Pois      0%         N/A       100%        5
 Borgnjor's Vile Clutch   Necr/Erth      0%         N/A       100%        5
 Irradiate                Conj/Tmut      0%         3d11      100%        5
 Lightning Bolt           Conj/Air       0%         1d11      100%        5
 Metabolic Englaciation   Hex/Ice        0%         N/A       100%        5
 Dispersal                Tloc           0%         N/A       100%        6
 Eringya's Noxious Bog    Tmut/Pois      0%         N/A       100%        6
 Simulacrum               Ice/Necr       0%         N/A       100%        6
 Ozocubu's Refrigeration  Ice            0%         4d7       100%        7


Dungeon Overview and Level Annotations

Branches:
Dungeon (14/15)            Temple (1/1) D:4            Lair (5/5) D:10
  Swamp (0/4) Lair:2       Spider (0/4) Lair:3        Slime (0/5) Lair:4
    Orc (2/2) D:12            Elf (0/3) Orc:2
 Vaults: D:13-14

Altars:
Ashenzari
Dithmenos
Gozag
Hepliaklqana
Kikubaaqudgha
Makhleb
Nemelex Xobeh
Okawaru
Qazlal
Ru
Trog
Uskayaw
Wu Jian
Xom
Yredelemnul
The Shining One
Jiyva

Shops:
D:5 (   D:11 (   D:12 [   Orc:1 **:

Annotations:
D:9 2 transporters, sanka's ghost, novice TrMo


Innate Abilities, Weirdness & Mutations

You are frail. (-10% HP)


Message History

Your daeva hits the starcursed mass with a +2 eudemon blade of holy wrath!
The starcursed mass shudders and is absorbed by its neighbour.
A starcursed mass splits.
The starcursed mass touches your daeva.
You feel much better.
The starcursed mass touches you but does no damage.
A cacophony of accursed wailing tears at your sanity!
* * * LOW HITPOINT WARNING * * *
Your daeva calls down the wrath of the Shining One upon the starcursed mass.
The starcursed mass is smitten.
The starcursed mass shudders and is absorbed by its neighbour.
An ancient zyme comes into view.
Found a gateway leading deeper into the Abyss.
The starcursed mass touches your daeva.
Your daeva hits the starcursed mass with a +2 eudemon blade of holy wrath!!
The starcursed mass is destroyed!
The starcursed mass attacks as you move away!
You block the starcursed mass's attack.
The starcursed mass attacks as you move away!
The starcursed mass misses you.
A deafening chorus of shrieks assaults your mind!
* * * LOW HITPOINT WARNING * * *
You suddenly lose the ability to move!
Your daeva calls down the wrath of the Shining One upon the starcursed mass.
The starcursed mass is smitten.
The starcursed mass shudders and is absorbed by its neighbour.
You can move again.
Your daeva calls down the wrath of the Shining One upon the starcursed mass.
The starcursed mass is smitten.
The starcursed mass shudders and withdraws towards its neighbour.
The rakshasa weaves an illusion.
The starcursed mass shimmers and seems to become two!
A deafening chorus of shrieks assaults your mind!
* * * LOW HITPOINT WARNING * * *
Your daeva hits the starcursed mass with a +2 eudemon blade of holy wrath!!
The starcursed mass is destroyed!
A starcursed mass splits.
Your daeva hits the starcursed mass with a +2 eudemon blade of holy wrath!
The starcursed mass is destroyed!
A deafening chorus of shrieks assaults your mind!
You die...

##..# .. ###...#
#.# ...
##.#...##.## ....
#........#.#
......##...........
........>.........#
.................##
..........#@......#
.........>.#.....##
#......x...#...###
........XXX.#.##
#.......X.X....#
.#...##..VV....# .
...........A...#..#
......R.........#
.....##.#....##


You could see 5 starcursed masses, a rakshasa, an ancient zyme and 2 vampires.

Vanquished Creatures
  Nessos (Lair:3)
  A lorocyproca (Abyss:3)
  Snorg (Orc:2)
  Josephine (D:14)
  A rakshasa (Abyss:3)
  A boulder beetle (D:12)
  2 hydras (Lair:2)
  An ogre mage (Orc:2)
  2 catoblepae
  14 two-headed ogres
  A thrashing horror (Abyss:3)
  A shadow demon (Abyss:3)
  Pikel (D:5)
  An oklob plant (Lair:1)
  A cyclops (D:11)
  A manticore (D:10)
  15 elephants
  7 ugly things
  Joseph (Lair:1)
  A smoke demon (Abyss:3)
  Maurice (D:9)
  5 black mambas
  7 cane toads
  An efreet (D:12)
  2 rime drakes
  A kobold demonologist (D:12)
  7 komodo dragons
  A freezing wraith (D:14)
  2 tengu conjurers (D:14)
  4 trolls
  3 polar bears (Lair:5)
  An ancient zyme (Abyss:3)
  6 hornets
  10 blink frogs
  4 slime creatures
  18 dream sheep
  12 spriggans (Lair:5)
  A vampire (D:12)
  2 shadows
  A centaur simulacrum (D:12)
  6 wraiths
  43 yaks
  4 basilisks
  2 wyverns
  Eustachio (D:5)
  2 redbacks (Lair:3)
  A neqoxec (Abyss:3)
  6 vampire mosquitoes (D:13)
  A steam dragon (D:7)
  An acid dragon (D:11)
  5 wargs
  16 water moccasins
  2 large abominations (Abyss:3)
  3 ice beasts
  4 black bears (Lair:5)
  9 orc warriors
  19 ogres
  23 wolves
  4 boggarts (Lair:5)
  7 centaurs
  2 phantoms
  A lemure (D:5)
  12 bullfrogs
  3 kobold brigands
  3 gnoll sergeants
  2 necrophages
  A scorpion (D:6)
  2 small abominations (Abyss:3)
  8 wights (D:8)
  A killer bee (D:8)
  9 howler monkeys
  A jelly (D:6)
  8 orc priests
  10 hounds
  6 iguanas
  13 orc wizards
  27 gnolls
  3 adders
  A river rat (Lair:3)
  3 shadow imps (D:6)
  2 white imps
  3 worms
  4 dart slugs
  64 orcs
  9 ball pythons
  4 endoplasms
  7 giant cockroaches
  4 goblins
  5 hobgoblins
  12 jackals (D:3)
  12 kobolds
  A quokka (D:2)
  3 training dummies (D:5)
  6 bats
  3 frilled lizards (D:1)
  2 rats (D:1)
560 creatures vanquished.

Vanquished Creatures (collateral kills)
  A hell hog (Abyss:3)
  A wretched star (Abyss:3)
  4 large abominations (Abyss:3)
  2 ancient zymes (Abyss:3)
  A raiju (Abyss:3)
  8 starcursed masses (Abyss:3)
  A quasit (Abyss:3)
  3 starspawn tentacles (Abyss:3)
21 creatures vanquished.

Vanquished Creatures (others)
  6 bushes (Lair:3)
  30 fungi
  37 plants
  3 starspawn tentacles (Abyss:3)
76 creatures vanquished.

Grand Total: 657 creatures vanquished

Notes
Turn   | Place    | Note
-------+----------+-------------------------------------------
     0 | D:1      | EvilAshe the Human Fighter began the quest for the Orb.
     0 | D:1      | Reached XP level 1. HP: 18/18 MP: 1/1
   213 | D:1      | Reached XP level 2. HP: 14/24 MP: 2/2
   488 | D:1      | Reached skill level 3 in Long Blades
   660 | D:2      | Reached XP level 3. HP: 24/29 MP: 3/3
  1294 | D:1      | Found a faded altar of an unknown god.
  1427 | D:1      | Reached skill level 4 in Long Blades
  1427 | D:1      | Reached XP level 4. HP: 33/35 MP: 4/4
  2490 | D:2      | Reached XP level 5. HP: 25/41 MP: 5/5
  2629 | D:3      | Reached skill level 5 in Long Blades
  3407 | D:3      | Reached XP level 6. HP: 32/47 MP: 6/6
  3426 | D:3      | Reached skill level 6 in Long Blades
  4648 | D:4      | Found a staircase to the Ecumenical Temple.
  4732 | Temple   | Entered the Ecumenical Temple
  4740 | Temple   | Became a worshipper of the Shining One
  4784 | D:5      | Entered Level 5 of the Dungeon
  4957 | D:4      | Reached skill level 7 in Long Blades
  4957 | D:4      | Reached XP level 7. HP: 44/52 MP: 7/7
  5036 | D:4      | Identified the +1 scale mail of the Stars {Rampage rF+
                  | rCorr MP+9}
  5540 | D:5      | Noticed Eustachio
  6639 | D:3      | Reached skill level 8 in Long Blades
  7339 | D:6      | Reached XP level 8. HP: 20/58 MP: 8/8
  7691 | D:6      | Reached skill level 9 in Long Blades
  7888 | D:6      | Reached * piety under the Shining One
  8028 | D:5      | Found a shadowy altar of Dithmenos.
  8164 | D:5      | Reached skill level 10 in Long Blades
  8167 | D:5      | Identified the +4 chain mail of Courage {Harm Rampage rF-
                  | Int-4 SInv}
  8368 | D:5      | Found Rubol's Firing Range.
  8378 | D:5      | Noticed Pikel
  8422 | D:5      | Killed Pikel
  8423 | D:5      | Reached skill level 11 in Long Blades
  8423 | D:5      | Reached XP level 9. HP: 26/63 MP: 9/9
  8855 | D:5      | Reached skill level 1 in Ranged Weapons
  8860 | D:5      | Killed Eustachio
  9882 | D:7      | Identified 2 scrolls of acquirement
  9882 | D:7      | Acquired a manual of Dodging
 10408 | D:7      | Found a broken altar of Ashenzari.
 10441 | D:7      | Found an iron altar of Okawaru.
 10923 | D:7      | Reached skill level 1 in Dodging
 10953 | D:7      | Reached skill level 12 in Long Blades
 10996 | D:7      | Reached XP level 10. HP: 39/71 MP: 10/10
 11241 | D:7      | Found a bloodstained altar of Trog.
 11405 | D:7      | Reached ** piety under the Shining One
 11534 | D:7      | Found a sparkling altar of Nemelex Xobeh.
 12104 | D:8      | Found a stormy altar of Qazlal.
 12104 | D:8      | Found an opulent altar of Gozag.
 13596 | D:8      | Reached skill level 5 in Armour
 13709 | D:9      | Reached skill level 5 in Fighting
 13784 | D:9      | Found a transporter.
 13796 | D:10     | Entered Level 10 of the Dungeon
 13833 | D:9      | Found a transporter.
 13834 | D:9      | Noticed Maurice
 14075 | D:9      | Killed Maurice
 14239 | D:9      | Noticed sanka's ghost (novice TrMo)
 14278 | D:9      | Reached skill level 13 in Long Blades
 14278 | D:9      | Reached skill level 5 in Dodging
 14438 | D:9      | Reached XP level 11. HP: 72/80 MP: 9/11
 14570 | D:10     | Reached *** piety under the Shining One
 15099 | D:11     | Noticed a two-headed ogre
 15122 | D:10     | Noticed a manticore
 15161 | D:10     | Reached skill level 5 in Ranged Weapons
 15163 | D:10     | Found a burning altar of Makhleb.
 15371 | D:10     | Found a staircase to the Lair.
 15761 | D:10     | Noticed a two-headed ogre
 15870 | D:10     | Killed a two-headed ogre
 16075 | D:10     | Noticed a two-headed ogre
 16089 | D:10     | Killed a two-headed ogre
 16142 | D:10     | Acquired a +1 scimitar of holy wrath
 16144 | D:10     | Acquired the amulet of Woepuzxe {rF+ Will+ Regen+}
 16230 | D:10     | Killed a manticore
 16329 | D:11     | Noticed a cyclops
 16382 | D:11     | Killed a cyclops
 16383 | D:11     | Reached skill level 14 in Long Blades
 16584 | D:11     | Reached XP level 12. HP: 52/89 MP: 12/12
 16773 | D:11     | Killed a two-headed ogre
 16824 | D:11     | Found Runu's Weapon Emporium.
 17141 | D:11     | You fall into a shaft and drop 3 floors!
 17383 | D:14     | Noticed Josephine
 17395 | D:14     | Killed Josephine
 17575 | D:13     | Noticed a catoblepas
 17599 | D:13     | Killed a catoblepas
 17643 | D:13     | Reached **** piety under the Shining One
 17722 | D:12     | Reached skill level 10 in Dodging
 18216 | D:12     | Found a staircase to the Orcish Mines.
 18231 | D:12     | Found Nogosuu's Armour Boutique.
 18300 | D:12     | Noticed a skeletal warrior
 18302 | D:12     | Noticed a skeletal warrior
 18477 | D:12     | Reached XP level 13. HP: 94/99 MP: 13/13
 18480 | D:12     | Noticed a boulder beetle
 18772 | D:12     | Killed a boulder beetle
 18773 | D:12     | Reached skill level 1 in Invocations
 19150 | D:12     | Bought a +2 pair of boots for 231 gold pieces
 19323 | Lair:1   | Entered Level 1 of the Lair of Beasts
 19323 | Lair:1   | Found a sacrificial altar of Ru.
 19338 | Lair:1   | Identified the +5 ring mail of Hiutal {-Cast +Blink Will-
                  | Dex+9}
 19481 | Lair:2   | Noticed an eight-headed hydra
 19693 | Lair:1   | Noticed Joseph
 19713 | Lair:1   | Killed Joseph
 20031 | Lair:2   | Killed a three-headed hydra
 20119 | Lair:3   | Found a hole to the Spider Nest.
 20127 | Lair:2   | Found a staircase to the Swamp.
 20305 | Lair:2   | Got the Codex of Conjuration
 20312 | Lair:2   | Reached ***** piety under the Shining One
 20391 | Lair:2   | Noticed a seven-headed hydra
 20413 | Lair:2   | Killed a three-headed hydra
 20816 | Lair:2   | Identified the +3 halberd of Hairy Defiance {vorpal, rPois}
 20964 | Lair:3   | Noticed a catoblepas
 21011 | Lair:3   | Noticed Nessos
 21139 | Lair:3   | Killed Nessos
 21226 | Lair:3   | Killed a catoblepas
 21284 | Lair:3   | Acquired a manual of Fighting
 21582 | Lair:3   | Reached skill level 5 in Invocations
 21676 | Lair:3   | Reached XP level 14. HP: 105/109 MP: 17/17
 21741 | Lair:3   | Reached skill level 10 in Fighting
 22279 | Lair:5   | Entered Level 5 of the Lair of Beasts
 22510 | Lair:4   | Reached skill level 10 in Armour
 23070 | Lair:4   | Found a staircase to the Slime Pits.
 23087 | Lair:4   | Found a viscous altar of Jiyva.
 23723 | Lair:5   | Reached skill level 10 in Ranged Weapons
 24583 | Lair:5   | Reached XP level 15. HP: 119/120 MP: 20/20
 24916 | Orc:1    | Entered Level 1 of the Orcish Mines
 25026 | Orc:1    | Found Xavaph's Book Boutique.
 25177 | Orc:1    | Found Lumam's General Store.
 25179 | Orc:1    | Found Vuerr's Specific Store.
 25191 | Orc:1    | Bought a scroll of teleportation for 39 gold pieces
 25191 | Orc:1    | Bought a scroll of silence for 123 gold pieces
 25322 | Orc:2    | Entered Level 2 of the Orcish Mines
 25326 | Orc:2    | Found a staircase to the Elven Halls.
 25414 | Orc:2    | Noticed Snorg
 25436 | Orc:2    | Killed Snorg
 25998 | Orc:2    | Reached ****** piety under the Shining One
 26109 | Abyss:3  | Cast into level 3 of the Abyss (ogre mage)
 26268 | Abyss:3  | Reached skill level 5 in Shields
 26305 | Abyss:3  | Noticed a tentacled starspawn
 26317 | Abyss:3  | Noticed a tentacled starspawn
 26481 | Abyss:3  | Gained mutation: You are frail. (-10% HP) [a neqoxec]
 26505 | Abyss:3  | Paralysed by accursed screaming for 1 turns
 26510 | Abyss:3  | Paralysed by accursed screaming for 1 turns
 26516 | Abyss:3  | Paralysed by accursed screaming for 1 turns
 26518 | Abyss:3  | HP: 5/112 [starcursed mass/accursed screaming (14)]
 26520 | Abyss:3  | Killed from afar by a starcursed mass

Illustrated notes

Levels and vault maps discovered:
D:1:      dpeg_chamrin_arrival_tetris, layout_loops_cross,
          dilly_ecumenical_altar_fadedgnrine, minmay_worlds_worst_comb
D:2:      layout_basic
D:3:      lemuel_castle_with_subvaults [lemuel_castle_interior_carwin_3],
          layout_basic
D:4:      layout_basic, minmay_temple_entry_proselytizer,
          kennysheep_cluttered_room
D:5:      layout_basic, mainiacjoe_overflow_small_starburst,
          nicolae_shop_firing_range, uniq_pikel, uniq_eustachio
D:6:      cheibrodos_quashed, layout_layer_cave, st_stairs_5,
          minmay_misc_feat_enclosed
D:7:      layout_basic, mainiacjoe_overflow_alcove_4, okawaru_gym_becter,
          nemelex_dance_club_becter, trog_book, minmay_misc_feat_rows,
          moated_statue, serial_bayou_pond_a
D:8:      layout_basic, jmf_multi_god_temple, corner_web_ring
D:9:      layout_cave_pools, gammafunk_ghost_stat_death, uniq_maurice
D:10:     minmay_recursive_quarters, layout_loops_corners, marbit_many_paths,
          david_lair_shrubbed
D:11:     layout_layer_cave, serial_shops, shop
D:12:     layout_long_grid, orc_david_3
D:13:     layout_grid_maze, grunt_vaults_entry_fortified,
          gammafunk_ghost_spectres, nicolae_transmutations_shop,
          nicolae_tso_carved_into_rock, uniq_kirke
D:14:     layout_basic, nzn_ghost_randoct, nicolae_elevator_lobby_plus,
          uniq_josephine, uniq_frances
Temple:   nicolae_temple_great_sept
Lair:1:   layout_roguey, minivault_27, lemuel_oklob_altar, lemuel_fruit_fields,
          lemuel_fruit_fields, uniq_joseph
Lair:2:   layout_regular_city, swamp_mist, grunt_megastairs_3
Lair:3:   layout_cave_pods, spider_nest_entry_a, nicolae_quartered_pool_impasse,
          minivault_11, minmay_hedge_maze, pond, grunt_megastairs_4,
          lemuel_fruit_tree, uniq_nessos
Lair:4:   layout_big_grid, slime_entry_1, infiniplex_staircase_pool
Lair:5:   minmay_lair_end_enchanted_forest, layout_concentric_octagons,
          st_stairs_6, chequers_serial_rivers_small_b
Orc:1:    layout_caves, serial_shops, shop, basic_altar, library_closet,
          nicolae_specific_store
Orc:2:    st_orc_ogre_mass, layout_diamond_mine, uniq_donald, uniq_snorg
Abyss:3:  base: Orc:1, evilmike_abyss_exit_14, hangedman_decor_riveting,
          dshaligram_kb_abyss_rune_zappy_water_cross, evilmike_abyss_exit_9

Skill      XL: |  1  2  3  4  5  6  7  8  9 10 11 12 13 14 15 |
---------------+----------------------------------------------+-----
Long Blades    | 3 4 5 7 8 11 12 13 14 | 14.0
Ranged Weapons | 2 4 5 7 9 10 | 10.0
Dodging        | 2 5 7 10 12 13 | 13.0
Fighting       | 4 5 6 8 9 12 13 | 13.9
Armour         | 4 5 6 8 9 10 11 | 11.9
Invocations    | 5 7 9 |  9.4
Shields        | 5 |  5.4

Action                   |  1- 3 |  4- 6 |  7- 9 | 10-12 | 13-15 || total
-------------------------+-------+-------+-------+-------+-------++-------
Melee: Long sword        |   132 |   243 |   423 |   575 |    67 ||  1440
       Scimitar          |       |       |       |    56 |  1266 ||  1322
 Fire: Sling             |       |    28 |     9 |    10 |     6 ||    53
Throw: Boomerang         |       |    15 |    17 |    33 |    78 ||   143
       Dart              |       |     3 |     6 |    16 |     9 ||    34
       Javelin           |       |       |     5 |     1 |     4 ||    10
       Stone             |       |       |     1 |       |       ||     1
Invok: Summon Divine War |       |       |       |       |     2 ||     2
Evoke: Wand              |       |       |       |     5 |     3 ||     8
  Use: Potion            |       |       |     3 |     2 |     2 ||     7
       Scroll            |       |       |    11 |    14 |    11 ||    36
 Stab: Invisible         |       |     3 |       |       |       ||     3
Armor: Scale mail        |    52 |     8 |       |       |       ||    60
       Plate armour      |       |   198 |   303 |   396 |   659 ||  1556
Dodge: Dodged            |    72 |    71 |   106 |   237 |   488 ||   974
Block: Buckler           |    31 |    71 |    87 |   143 |   301 ||   633
       Kite shield       |       |       |       |       |   153 ||   153
